AoeStats
← BottleDry

Arabia

506729610Analyzed
4v4 RM · 18d ago on Sep 14, 2026· 41m 58s· 8 players
Game mode
Random Map
Map size
Large (8 player)
Population
200
Speed
Normal
Resources
Standard
Victory
Conquest
Starting age
Dark Age
Ending age
Imperial Age
RankedLock teamsTeams togetherTeam positionsShared explorationLock speedFull tech treeHidden civsTurbo modeCheats
Victory
Defeat
🇨🇳 Georgians · China
903
+20
🇧🇷 Magyars · Brazil
894
+20
🇩🇪 Vietnamese · Germany
867
+21
🇨🇱 Armenians · Chile
831
+24
🇺🇸 Teutons · United States
1010
-22
🇬🇹 Khmer · Guatemala
1002
-22
🇫🇮 Spanish · Finland
988
-21
🇺🇸 Magyars · United States
960
-20
Al-Ma'idah Castrum
10:22 Feudal Age
11:02 Double-Bit Axe
16:26 Horse Collar
20:21 Castle Age
19:36 Scale Barding Armor
22:46 Husbandry
24:49 Chain Barding Armor
32:09 Gold Mining
34:03 Heavy Plow
40:23 Bloodlines
LOTHBROKRG
0:27 Loom
11:07 Feudal Age
14:44 Double-Bit Axe
21:15 Castle Age
19:07 Horse Collar
19:24 Gold Mining
19:55 Stone Mining
22:26 Wheelbarrow
22:17 Bow Saw
23:27 Crossbowman
24:51 Forging
28:14 Heavy Plow
32:49 Imperial Age
31:56 Elite Skirmisher
39:04 Padded Archer Armor
38:55 Fletching
42:14 Hand Cart
42:40 Gold Shaft Mining
Klaiber
7:32 Loom
10:39 Feudal Age
12:11 Double-Bit Axe
12:09 Horse Collar
13:50 Wheelbarrow
14:52 Fletching
15:03 Padded Archer Armor
21:56 Castle Age
22:34 Bodkin Arrow
22:57 Bow Saw
22:51 Heavy Plow
23:24 Hand Cart
22:51 Elite Skirmisher
24:04 Leather Archer Armor
24:59 Crossbowman
32:26 Bloodlines
32:19 Husbandry
34:10 Scale Barding Armor
34:40 Forging
35:44 Chain Barding Armor
37:28 Town Watch
39:28 Iron Casting
铁大炮
10:04 Loom
12:03 Feudal Age
18:31 Castle Age
20:42 Double-Bit Axe
24:21 Bloodlines
26:45 Scale Barding Armor
26:50 Forging
27:09 Husbandry
28:28 Wheelbarrow
29:33 Hand Cart
30:27 Chain Barding Armor
30:42 Iron Casting
32:18 Bow Saw
34:35 Town Watch
37:35 Imperial Age
37:30 Iron Casting
37:56 Cavalier
39:00 Conscription
39:20 Aznauri Cavalry
39:17 Light Cavalry
40:37 Plate Barding Armor
41:02 Blast Furnace
dennisthemenace
6:21 Loom
9:25 Feudal Age
10:24 Double-Bit Axe
10:21 Horse Collar
15:49 Wheelbarrow
20:55 Castle Age
19:10 Gold Mining
20:35 Stone Mining
22:20 Scale Barding Armor
22:28 Forging
23:07 Bow Saw
22:42 Pikeman
23:23 Squires
24:08 Hand Cart
24:26 Town Watch
25:27 Scale Mail Armor
25:38 Forging
26:43 Hand Cart
27:32 Chain Mail Armor
28:13 Fletching
33:46 Guard Tower
40:04 Sanctity
39:56 Fervor
BottleDry
6:41 Loom
10:07 Feudal Age
10:56 Double-Bit Axe
11:09 Horse Collar
20:36 Castle Age
19:24 Padded Archer Armor
19:14 Fletching
19:38 Gold Mining
23:12 Bodkin Arrow
23:33 Leather Archer Armor
23:46 Town Watch
24:38 Wheelbarrow
24:08 Stone Mining
26:46 Bloodlines
26:36 Husbandry
27:28 Hand Cart
27:00 Town Watch
28:09 Heavy Plow
28:22 Bow Saw
29:53 Thumb Ring
32:01 Corvinian Army
32:18 Scale Barding Armor
33:22 Chain Barding Armor
41:57 Imperial Age
39:27 Town Patrol
Muerto de Hambre
2:36 Loom
10:31 Feudal Age
15:37 Castle Age
13:53 Double-Bit Axe
14:01 Horse Collar
18:52 Heavy Plow
19:05 Bow Saw
20:17 Fervor
21:06 Wheelbarrow
35:14 Imperial Age
33:01 Hand Cart
33:02 Gold Mining
33:06 Stone Mining
35:05 Stone Shaft Mining
35:05 Gold Shaft Mining
35:27 Ballistics
36:04 Double Crossbow
36:24 Conscription
35:32 Heavy Scorpion
38:51 Chemistry
39:03 Siege Engineers
38:54 Murder Holes
PAKETI
2:59 Loom
12:25 Feudal Age
14:05 Horse Collar
16:39 Castle Age
16:42 Double-Bit Axe
22:58 Bow Saw
25:26 Fletching
26:12 Heavy Plow
26:24 Bodkin Arrow
28:00 Ballistics
27:43 Padded Archer Armor
34:54 Imperial Age
32:29 Gold Mining
32:52 Light Cavalry
33:42 Bloodlines
33:39 Husbandry
34:20 Leather Archer Armor
36:45 Chemistry
37:34 Two-Man Saw
37:10 Bracer
38:21 Scale Barding Armor
38:46 Ring Archer Armor
38:46 Stone Mining
39:50 Chain Barding Armor
39:33 Hussar
41:48 Stone Shaft Mining
Connection lost

Rejoining the realm…

Still unreachable

The connection could not be restored.

Session expired

The server has moved on; the page needs a fresh start.